[Event "MČR družstev mladších žáků 2024"]
[Site "Harrachov, Czech Republic"]
[Date "2024.06.14"]
[Round "1.1"]
[White "Lickova Anna"]
[Black "Vancakova Veronika"]
[Result "0-1"]
[TimeControl "25+10"]
[WhiteFideId "23744359"]
[BlackFideId "23731907"]
[WhiteElo "1377"]
[BlackElo "1437"]

1. e4 d6 2. d4 Nf6 3. Nc3 g6 4. Bc4 Bg7 5. Nf3 O-O 6. O-O Nxe4 7. Nxe4 d5 8. Bd3 dxe4 9. Bxe4 Nd7 10.
Re1 c5 11. c3 Qc7 12. Bg5 Nf6 13. Bh4 Nxe4 14. Rxe4 e6 15. Bg3 Qb6 16. Qc2 e5 17. dxc5 Qxc5 18. Ree1 Bf5 19. Qb3 Rfe8 20.
Rad1 Be6 21. Qc2 Bc4 22. b3 Bb5 23. c4 Bc6 24. Nd2 f5 25. h3 Rad8 26. Nf1 Be4 27. Qc1 Bd3 28. a3 f4 29.
Bh2 g5 30. b4 Qxc4 31. Qxc4+ Bxc4 32. g3 Kf7 33. gxf4 gxf4 34. Nd2 Be6 35. Ne4 Rg8 36. Ng5+ Ke7 37. Nxe6 Kxe6 38. Kh1 Rxd1 39. Rxd1 Rc8 40. Rd3 Bf6 41. Bg1 e4 42. Rd2 Rc1 43. Re2 Kf5 44.
Rd2 Ke6 45. Re2 Kd5 46. Rd2+ Bd4 47. Kh2 Kc4 48. b5 Kc3 49.
Re2 Kd3 50. Ra2 f3 51. a4 Be5+ 52. Kh1 Ra1 53. Rxa1 Bxa1 54. Bh2 Kc4 55. Bb8 Bd4 56. Kg1 Kb4 57. Kf1 Kxa4 58. Ke1 Kxb5 59.
Bg3 Kc4 60. Kd2 Kb3 61. h4 h5 62. Kc1 a5 63.
Bd6 Bxf2 64. Kd2 Bd4 65. Be7 a4 66. Bd6 a3 67. Bxa3 Kxa3 68. Ke1 b5 69. Kd2 b4 70. Kd1 f2 71.
Kd2 f1=Q 72. Kc2 Qe2+ 73. Kc1 Qb2+ 74. Kd1 Be3 75. Ke1 Qf2+ 76. Kd1 Qd2# 0-1



[ePGN "0.1;DGT LiveChess/2.2.6"]

[Event "MČR družstev mladších žáků 2024"]
[Site "Harrachov, Czech Republic"]
[Date "2024.06.14"]
[Round "1.10"]
[White "Meisl Ondrej"]
[Black "Gernert Tomas"]
[Result "0-1"]
[TimeControl "25+10"]
[BlackFideId "23750219"]
[WhiteElo "1109"]
[BlackElo "1409"]

1. e4 c5 2. Nf3 Nc6 3.
Bb5 e6 4. Nc3 Nge7 5. O-O a6 6. Bxc6 Nxc6 7. d3 Be7 8. Re1 O-O 9. Be3 d5 10. h3 d4 11. Bxd4 cxd4 12. Ne2 e5 13.
c3 dxc3 14. Nxc3 Bb4 15. Qc2 Nd4 16. Qa4 Nxf3+ 17. gxf3 Bxc3 18. bxc3 Qxd3 19. Re3 Qd7 20. Qxd7 Bxd7 21. Rd1 Bxh3 22. Kh2 Be6 23. Rg1 Rfd8 24. Ree1 Bxa2 25. Rg2 Rd6 26. Rh1 Rad8 27. Rg3 Rh6+ 28.
Rh3 Rxh3+ 29. Kxh3 Rd3 30. Kg2 Bb3 31. Rh5 f6 32. Rh4 Rxc3 33. f4 exf4 34. Rxf4 a5 35. Rf3 Rxf3 36. Kxf3 a4 0-1



[ePGN "0.1;DGT LiveChess/2.2.6"]

[Event "MČR družstev mladších žáků 2024"]
[Site "Harrachov, Czech Republic"]
[Date "2024.06.14"]
[Round "1.11"]
[White "Kusova Nikola"]
[Black "Kratochvil Jakub"]
[Result "1-0"]
[TimeControl "25+10"]
[WhiteFideId "23733705"]
[WhiteElo "1353"]
[BlackElo "1150"]

1. e4 e5 2. Nc3 Nf6 3. Bc4 Bc5 4. d3 h6 5. f4 d6 6. Na4 Bxg1 7.
Rxg1 O-O 8. Qe2 Nc6 9. Be3 Be6 10. Bxe6 fxe6 11. g4 exf4 12. Bxf4 Nh7 13. Be3 Ng5 14. O-O-O e5 15. Rdf1 Qe7 16. h4 Rxf1+ 17. Rxf1 Nf7 18.
g5 Rf8 19. gxh6 Nxh6 20. Rg1 Qxh4 21. Qg2 Rf7 22. Qg6 b5 23. Nc3 b4 24. Nd5 Nd4 25. Qg2 c6 26. Nxb4 Ne6 27. Nxc6 Kf8 28.
Rh1 Qf6 29. Bxh6 gxh6 30. Rg1 Rg7 31. Rf1 Nf4 32. Qf3 h5 33. Nb4 Rf7 34. Qe3 h4 35. Qd2 h3 36. Nd5 Qg6 37. Nxf4 exf4 38.
Qh2 Qg3 39. Qh1 Qe3+ 40. Kb1 Qg3 41. Rf3 Qg2 42. Rxh3 Qxh1+ 43. Rxh1 f3 44. Rf1 Rg7 45. Rxf3+ Kg8 46. Kc1 Rg5 47.
Rf5 Rg1+ 48. Kd2 Rg2+ 49. Kc3 Kh7 50. Rf6 Rg5 51. Rf5 Rg6 52. Kd4 Rg2 53. Ra5 Rg7 54. c4 Kg6 55. b4 Rc7 56.
Ra6 Rd7 57. Kd5 Rb7 58. Rxd6+ Kh5 59. b5 Rf7 60. c5 Rg7 61. c6 Rg5+ 62. e5 Rg2 63. c7 Rc2 64. Rc6 Rxc6 65. Kxc6 1-0



[ePGN "0.1;DGT LiveChess/2.2.6"]

[Event "MČR družstev mladších žáků 2024"]
[Site "Harrachov, Czech Republic"]
[Date "2024.06.14"]
[Round "1.13"]
[White "Cerny Rodan"]
[Black "Policar Martin"]
[Result "0-1"]
[TimeControl "25+10"]
[WhiteFideId "23746165"]
[BlackFideId "23734868"]
[WhiteElo "1299"]
[BlackElo "1646"]

1. e4 c5 2. Nf3 Nf6 3. Nc3 d5 4. exd5 Nxd5 5. Nxd5 Qxd5 6. b3 Nc6 7. Bb2 e5 8. Bb5 Bd6 9. O-O e4 10. Bc4 Qf5 11. Qe2 O-O 12. Nh4 Qg4 13. Qxg4 Bxg4 14.
f3 exf3 15. Nxf3 Rad8 16. Ng5 Bh5 17. Rae1 Bg6 18. d3 h6 19. Ne4 Be7 20. a4 Na5 21. Nd2 Bg5 22. Ne4 Nxc4 23. bxc4 Bxe4 24.
Rxe4 Rfe8 25. Rfe1 Rxe4 26. Rxe4 Rd6 27. Re5 Ra6 28. h4 Bf4 29. Re4 Bg3 30. Rg4 Rg6 31. Re4 Rb6 32. Rg4 Rxb2 33.
Rxg3 Rxc2 34. Re3 Kf8 35. Re5 b6 36. a5 Rd2 37. Rd5 Ke7 38. g4 Ke6 39. Kf1 Rh2 40. h5 Rh4 41. d4 Rxg4 42. dxc5 Rxc4 43. Rd6+ Ke5 44.
axb6 axb6 45. Rxb6 Rxc5 46. Rb4 Kf6 47. Kg2 Rxh5 48. Rb6+ Kg5 49. Rb5+ Kg6 50. Rb6+ f6 51. Kg3 Rc5 52. Rb7 h5 53. Kh4 Kh6 54.
Kg3 g6 55. Kf4 Rc4+ 56. Kg3 Kg5 57. Rb5+ f5 58. Rb3 h4+ 59. Kf3 Rg4 60. Kf2 Kh5 61. Ra3 Rf4+ 62. Kg2 g5 63. Ra8 Kg4 64.
Ra3 h3+ 65. Kg1 Rf3 66. Ra4+ Kg3 67. Ra1 Re3 68. Kh1 f4 0-1



[ePGN "0.1;DGT LiveChess/2.2.6"]

[Event "MČR družstev mladších žáků 2024"]
[Site "Harrachov, Czech Republic"]
[Date "2024.06.14"]
[Round "1.14"]
[White "Sudrich Radek"]
[Black "Lutskiy Mikhail"]
[Result "1-0"]
[TimeControl "25+10"]
[WhiteFideId "23734361"]
[BlackFideId "23744308"]
[WhiteElo "1470"]
[BlackElo "1446"]

1. d4 Nf6 2. c4 d5 3. Nc3 e6 4. Nf3 c6 5. Bg5 h6 6. Bh4 Nbd7 7. e3 Be7 8. cxd5 exd5 9. Bd3 O-O 10.
Qc2 Re8 11. O-O b5 12. Bg3 Nb6 13. Ne5 Bd7 14. a3 Bd6 15. Nxf7 Kxf7 16. Bxd6 Kg8 17. Be5 Be6 18. a4 a6 19.
axb5 cxb5 20. e4 dxe4 21. Nxe4 Nxe4 22. Bxe4 Rc8 23. Bh7+ Kh8 24. Qg6 Qe7 25. Qxh6 Bc4 26. Bg6+ Kg8 27.
Qh7+ Kf8 28. Qh8+ Bg8 29. Bxe8 Rxe8 30. Ra3 Kf7 31. Qxg7+ Ke6 32. Qg6+ Kd7 33. Qxb6 Bd5 34. Rc3 Bc4 35. Qc7+ Ke6 36. Qxe7+ Rxe7 37.
Ra1 Ra7 38. f4 a5 39. b3 Bd5 40. Rc5 Bxb3 41. Rxb5 Bd5 42. Raxa5 Rd7 43. Ra6+ Kf5 44. Rd6 Rxd6 45. Bxd6 Ke4 46.
Rxd5 Kxd5 47. Be5 Ke6 48. Kf2 Kf5 49. d5 Kg6 50. Ke3 Kf5 51. Kd4 Kg6 52. f5+ Kxf5 53. g4+ Kg6 54.
Kc5 Kf7 55. d6 Ke8 56. Kc6 Kf7 57.
d7 Ke6 58. d8=Q Kxe5 59. Qe7+ Kf4 60. Kd5 Kxg4 61. Qf6 Kh3 62. Ke4 Kxh2 63. Qg5 Kh1 64. Kf3 Kh2 65. Qg2+ 1-0



[ePGN "0.1;DGT LiveChess/2.2.6"]

[Event "MČR družstev mladších žáků 2024"]
[Site "Harrachov, Czech Republic"]
[Date "2024.06.14"]
[Round "1.15"]
[White "Cerny Ren"]
[Black "Moravec Rene"]
[Result "1/2-1/2"]
[TimeControl "25+10"]
[WhiteFideId "23754559"]
[BlackFideId "23745274"]
[WhiteElo "1317"]
[BlackElo "1295"]

1. e4 c5 2. c3 d6 3. d4 cxd4 4. cxd4 Nf6 5. Nc3 d5 6. e5 Ng4 7. h3 Nh6 8. Nf3 g6 9. Bd3 Bg7 10.
Be3 O-O 11. Rc1 Nf5 12. Bxf5 Bxf5 13. Qb3 e6 14. Qxb7 Nd7 15. Qa6 Rb8 16. Qxa7 Rxb2 17. O-O Nb6 18. Nd2 Qh4 19. Qa3 Rc2 20.
Rxc2 Bxc2 21. Nf3 Qd8 22. Qb2 Bd3 23. Rd1 Be4 24. Nxe4 dxe4 25. Nd2 Nd5 26. Nxe4 Nxe3 27. fxe3 Qd5 28.
Nd6 Bxe5 29. Nc4 Qxc4 30. dxe5 Qe4 31. Qd4 Qxd4 32. exd4 Ra8 33. Rd2 Ra3 34. Kf2 Kf8 35. Rc2 Rd3 36. Ke2 Rxd4 37. Ke3 Ra4 38. Kd3 Ke7 39.
Re2 Kd7 40. Kc3 Kc6 41. Kb3 Ra7 42. Kc4 Ra3 43. Kb4 Ra7 44. a4 Kb6 45. Rd2 Kc6 46. Rd6+ Kc7 47. Rd2 Rb7+ 48. Kc5 Rb3 49.
a5 Ra3 50. Kb4 Ra1 51. Kb5 Rb1+ 52. Kc5 1/2-1/2



[ePGN "0.1;DGT LiveChess/2.2.6"]

[Event "MČR družstev mladších žáků 2024"]
[Site "Harrachov, Czech Republic"]
[Date "2024.06.14"]
[Round "1.16"]
[White "Sevcikova Terezie"]
[Black "Gao Tianle"]
[Result "1-0"]
[TimeControl "25+10"]
[WhiteFideId "23766425"]
[BlackFideId "23739924"]
[WhiteElo "1447"]
[BlackElo "1120"]

1. d4 d5 2. Bf4 Nf6 3. e3 e6 4. c3 c5 5. Nf3 Nc6 6. Bb5 Bd7 7. Nbd2 a6 8. Bxc6 Bxc6 9. O-O Qb6 10.
Qb3 Qxb3 11. Nxb3 b6 12. a4 c4 13. Nbd2 Be7 14. Ne5 Rc8 15. Nxc6 Rxc6 16. Nf3 O-O 17. Ne5 Rcc8 18. Bg5 Rfe8 19.
h3 h6 20. Bxf6 Bxf6 21. Nf3 a5 22. Rfe1 Rb8 23. e4 dxe4 24. Rxe4 Rbc8 25. Rae1 Rb8 26. d5 b5 27. axb5 Rxb5 28.
dxe6 Rxe6 29. Rxe6 fxe6 30. Re2 Kf7 31. Kh2 g6 32. Kg3 Rf5 33. Re4 Rc5 34. Nd2 1-0



[ePGN "0.1;DGT LiveChess/2.2.6"]

[Event "MČR družstev mladších žáků 2024"]
[Site "Harrachov, Czech Republic"]
[Date "2024.06.14"]
[Round "1.19"]
[White "Velim Vojtech"]
[Black "Skoloud Josef"]
[Result "1/2-1/2"]
[TimeControl "25+10"]
[WhiteFideId "23749407"]
[BlackFideId "23744111"]
[WhiteElo "1814"]
[BlackElo "1340"]

1. d4 d5 2. c4 e6 3. Nc3 Nf6 4. Bg5 Be7 5. e3 O-O 6. Nf3 c5 7. cxd5 exd5 8. Bd3 Nc6 9. dxc5 Be6 10.
O-O Bxc5 11. Rc1 Be7 12. Bb1 Ng4 13. Bxe7 Nxe7 14. Nd4 Qd6 15. g3 Bd7 16. Qd3 Qh6 17. Nf3 Bc6 18. Ne2 Ng6 19.
Ned4 N6e5 20. Qe2 Qh3 21. Rxc6 bxc6 22. Bf5 Nxf3+ 23. Nxf3 Qh5 24. Bxg4 Qxg4 25. Kg2 Qe4 26. Rd1 c5 27.
b3 d4 28. Qc4 g5 29. Qd3 Qxd3 30. Rxd3 dxe3 31. Rxe3 h6 32. Rc3 Rac8 33. Rc4 f6 34. Ra4 Rc7 35. Nd2 Rd8 36. Nc4 Rd4 37.
Ra6 Kg7 38. Nd6 Kg6 39. Ne8 Rf7 40. Nd6 Rf8 41. Nc4 Ra8 42. Ra5 Rd5 43. Nb6 axb6 44. Rxa8 Rd6 45. Ra6 Rc6 46. a4 c4 47. bxc4 Rxc4 48.
a5 bxa5 49. Rxa5 h5 50. Ra8 h4 51. Rh8 hxg3 52. hxg3 Kf5 53. Rh6 Rd4 54. Rh8 Rc4 55. Ra8 Rc5 56. Ra4 Re5 57. Ra6 Re6 58.
Ra4 Re5 59. Kf3 Kg6 60. Ra6 Rf5+ 61. Kg2 Re5 62. f4 gxf4 63. gxf4 Rb5 64. Kf3 Kf5 65. Ra3 Rc5 66. Rb3 Ra5 67.
Rc3 Rb5 68. Ra3 1/2-1/2



[ePGN "0.1;DGT LiveChess/2.2.6"]

[Event "MČR družstev mladších žáků 2024"]
[Site "Harrachov, Czech Republic"]
[Date "2024.06.14"]
[Round "1.2"]
[White "Walder Hugo"]
[Black "Havlik David"]
[Result "1-0"]
[TimeControl "25+10"]
[WhiteFideId "23743360"]
[BlackFideId "23751525"]
[WhiteElo "1489"]
[BlackElo "1348"]

1. e4 c5 2. Nf3 e6 3.
d4 cxd4 4. Nxd4 Nf6 5. Nc3 Nc6 6. Be3 Bb4 7.
Bd3 d5 8. exd5 Nxd5 9. Nde2 Nxe3 10. fxe3 Qg5 11. Nf4 e5 12. Qh5 Qe7 13. Nfd5 Qd6 14. Nxb4 Nxb4 15. Rd1 Nxd3+ 16. Rxd3 Qc5 17.
O-O g6 18. Qh4 Bf5 19. Ne4 Bxe4 20. Qxe4 O-O 21. Rc3 Qe7 22. Qc4 Rad8 23. Qc5 Qxc5 24. Rxc5 Rd2 25. Re1 Rfd8 26. Kf1 Kf8 27.
Re2 Rd1+ 28. Kf2 e4 29. Rc7 R1d7 30. Rxd7 Rxd7 31. Ke1 Ke7 32. Rd2 Rc7 33. c3 Rc5 34. Rd4 f5 35. Kd2 Ra5 36. a3 Rb5 37. Kc2 Ke6 38.
c4 Rb6 39. b4 Rd6 40. Kc3 Ra6 41. Kb3 Rc6 42. a4 b6 43. b5 Rc7 44. Kb4 Rc5 45. a5 g5 46. g3 h5 47. Rd8 Rc7 48.
axb6 axb6 49. Rb8 Ke5 50. Rxb6 f4 51. gxf4+ gxf4 52. exf4+ Kxf4 53. Rc6 Rd7 54. b6 e3 55. Re6 Rb7 56.
Kb5 Kf3 57. c5 e2 58. c6 Rf7 59. b7 Rf5+ 60. Kb6 Rf4 61. b8=Q Rb4+ 62.
Kc7 Rxb8 63. Kxb8 Kf2 64. Rxe2+ Kxe2 65. c7 Kf2 66. c8=Q Kg2 67. Qc7 h4 68. Qf4 h3 69.
Qg3+ Kh1 70. Qf4 Kg1 71. Qg3+ Kh1 72.
Qxh3 Kg1 73. Qg3+ Kh1 74. Qd6 Kg2 75. Kc7 Kg1 76.
h3 Kg2 77. h4 Kg1 78. h5 Kg2 79.
h6 Kg1 80. h7 Kg2 81. h8=Q Kg1 82. Qhh2+ Kf1 83. Qdf4+ Ke1 84. Qe3+ Kd1 85. Qhd2# 1-0



[ePGN "0.1;DGT LiveChess/2.2.6"]

[Event "MČR družstev mladších žáků 2024"]
[Site "Harrachov, Czech Republic"]
[Date "2024.06.14"]
[Round "1.20"]
[White "Skoloud Natanael"]
[Black "Kala Jakub"]
[Result "0-1"]
[TimeControl "25+10"]
[WhiteFideId "23744120"]
[BlackFideId "23753897"]
[WhiteElo "1289"]
[BlackElo "1657"]

1. e4 c6 2. d4 d5 3. exd5 cxd5 4. Nf3 Nf6 5. c4 Bg4 6. cxd5 Nxd5 7. Be2 Nc6 8. O-O e6 9. Nc3 Be7 10.
Be3 O-O 11. Qb3 Na5 12. Qd1 Rc8 13. Rc1 Nc4 14. Nxd5 Qxd5 15. Bxc4 Rxc4 16. Rxc4 Qxc4 17. b3 Qd5 18. Qe2 Rc8 19.
h3 Bxf3 20. Qxf3 Qxf3 21. gxf3 Bf6 22. Rd1 Rc2 23. a3 Rc3 24. b4 h6 25. a4 Rc4 0-1



[ePGN "0.1;DGT LiveChess/2.2.6"]

[Event "MČR družstev mladších žáků 2024"]
[Site "Harrachov, Czech Republic"]
[Date "2024.06.14"]
[Round "1.21"]
[White "Levchenko Alisa"]
[Black "Rawlings Benjamin"]
[Result "0-1"]
[TimeControl "25+10"]
[WhiteFideId "23760311"]
[BlackFideId "23751720"]
[WhiteElo "1302"]
[BlackElo "1236"]

1. d4 d5 2. c4 e6 3. Nf3 Bb4+ 4. Bd2 Bxd2+ 5. Nbxd2 Nf6 6. g3 O-O 7. Bg2 Nc6 8. O-O Bd7 9.
Re1 Ne7 10. Ne5 Nc6 11. Ndf3 Nxe5 12. Nxe5 Bc6 13. b4 a6 14. a4 dxc4 15. Nxc6 bxc6 16. Bxc6 Rb8 17. b5 axb5 18. axb5 Qd6 19. e3 Nd5 20. e4 Nb4 21.
d5 Nxc6 22. bxc6 exd5 23. Qxd5 Qxd5 24. exd5 Rb5 25. Red1 Rd8 26. d6 cxd6 27. Rxd6 Rf8 28. c7 Rc5 29. Ra7 c3 30. Rd1 c2 31. Rc1 Rc8 32. Kf1 R5xc7 33. Rxc7 Rxc7 34. Ke2 h6 35. Kd2 Kh7 36. Rxc2 Rxc2+ 37. Kxc2 Kg6 38. Kd3 Kg5 39.
f3 f5 40. h4+ Kf6 41. Ke3 g5 42. hxg5+ Kxg5 43. g4 h5 44. gxh5 Kxh5 45. Kf4 Kg6 46. Ke5 Kg5 47. Kd4 Kf4 48. Kd3 Kxf3 49. Kd2 f4 50. Kd1 Kg2 51. Ke2 f3+ 52.
Ke1 f2+ 53. Kd2 f1=Q 54. Ke3 Qf3+ 55.
Kd4 Qe2 56. Kc3 Qd1 57. Kc4 Qd2 58. Kc5 Qd3 59. Kc6 Qd4 60. Kb5 Qc3 61. Ka4 Qb2 62. Ka5 Qb3 63. Ka6 Qb4 64. Ka7 Qb5 65. Ka8 Kf3 66. Ka7 Ke4 67. Ka8 Kd5 68. Ka7 Kc6 69. Ka8 Qb7# 0-1



[ePGN "0.1;DGT LiveChess/2.2.6"]

[Event "MČR družstev mladších žáků 2024"]
[Site "Harrachov, Czech Republic"]
[Date "2024.06.14"]
[Round "1.25"]
[White "Kroulik Stepan"]
[Black "Fadrny Jachym"]
[Result "1-0"]
[TimeControl "25+10"]
[WhiteFideId "23725460"]
[BlackFideId "23744170"]
[WhiteElo "1370"]
[BlackElo "1537"]

1. c4 e6 2. Nc3 Nf6 3. g3 Bb4 4. Bg2 d5 5. cxd5 exd5 6. a3 Bc5 7. d4 Bb6 8. Bg5 Bf5 9. Nxd5 Nbd7 10.
Nxb6 Nxb6 11. Bxb7 Rb8 12. Bc6+ Bd7 13. Bxd7+ Nbxd7 14. b4 h6 15. Bxf6 Qxf6 16. Nf3 O-O 17. O-O Nb6 18.
Qc2 c6 19. Kg2 Nd5 20. e4 Nb6 21. Rac1 Rbc8 22. Ne5 Rfe8 23. Nxc6 Qd6 24. d5 f5 25. f3 Kh8 26. Qc5 Qd7 27.
b5 fxe4 28. fxe4 Qg4 29. Rf4 Qe2+ 30. Kh3 Qh5+ 31. Rh4 Qf7 32. Qd4 Kh7 33. Re1 Qd7+ 34. Kg2 Nxd5 35. Rf1 Rxc6 36. Qxd5 Rd6 37. Qf5+ Qxf5 38. exf5 Re2+ 39. Rf2 Re3 40. Ra4 Rd5 41.
Rxa7 Rxb5 42. f6 Re8 43.
Rxg7+ Kh8 44. Re7 Rf8 45. f7 Rbb8 46. Rf6 Kg7 47. Rf4 Rb2+ 48. Kh3 Rb5 49. Rg4+ Kf6 50.
Ra7 Rh5+ 51. Kg2 Rc8 52. Rf4+ Rf5 53. Ra6+ Kg5 54. h4+ Kh5 55. Rxf5+ Kg4 56. Rf4+ Kh5 57. Ra5+ Kg6 58. h5+ Kg7 59.
Re5 Rf8 60. Re8 Rxf7 61. Rxf7+ Kxf7 62. Rh8 Kg7 63. Rxh6 Kxh6 64.
a4 Kxh5 65. a5 Kg6 66. a6 Kf7 67.
a7 Ke7 68. a8=Q 1-0



[ePGN "0.1;DGT LiveChess/2.2.6"]

[Event "MČR družstev mladších žáků 2024"]
[Site "Harrachov, Czech Republic"]
[Date "2024.06.14"]
[Round "1.26"]
[White "Trejbal Jindrich"]
[Black "Zika Miroslav"]
[Result "1-0"]
[TimeControl "25+10"]
[WhiteFideId "23743948"]
[BlackFideId "23746610"]
[WhiteElo "1401"]
[BlackElo "1311"]

1. e4 c5 2. c4 Nc6 3. Nc3 Nf6 4. d3 d6 5. f4 g6 6. Nf3 Bg7 7. h3 Bd7 8. Be3 a6 9. Be2 Qc7 10. O-O O-O 11. Nd5 Qd8 12. Qe1 e6 13. Nc3 Re8 14. e5 dxe5 15. fxe5 Nh5 16. g4 Nxe5 17. gxh5 Nxf3+ 18. Bxf3 e5 19. h6 Bf8 20. Bd5 Be6 21. Qf2 Qc7 22. Bxe6 Rxe6 23. Nd5 Qd7 24. Nf6+ Rxf6 25. Qxf6 Rc8 26. Rad1 Rc6 27. Qf3 Rb6 28. Qxf7+ Qxf7 29. Rxf7 Kxf7 30. Rf1+ Rf6 31. Rxf6+ Kxf6 32. h4 Kf5 33. Bg5 e4 34. dxe4+ Kxe4 35. Kf2 Bd6 36. Ke2 Kd4 37. b3 Be5 38. Be3+ Kc3 39. Bxc5 Kb2 40. Kd3 Kxa2 41. Kc2 Bf6 42. Bf2 Be7 43. Be1 b5 44. Bf2 bxc4 45. bxc4 Ka3 46. c5 Bd8 47. Bg3 Kb4 48. c6 Kb5 49. c7 Bxc7 50. Bxc7 Kc6 51. Bd8 Kd7 52. Bg5 a5 53. Kb3 Kc6 54. Ka4 Kd5 55. Kxa5 Ke6 56. Kb6 Kd6 57. Bd2 Kd7 58. Kc5 Kc7 59. Kd5 Kd7 60. Bg5 Ke8 61. Ke6 Kf8 62. Kf6 Kg8 63. Ke7 Kh8 64. Be3 Kg8 65. Bd2 g5 66. hxg5 Kh8 67. Kf6 Kg8 68. g6 Kh8 69. gxh7 Kxh7 70. Kg5 Kh8 71. Kg6 Kg8 72. h7+ Kf8 73. h8=Q+ Ke7 74. Qf6+ Kd7 75. Bf4 Kc8 76. Qc6+ Kd8 77. Bg5# 1-0



[ePGN "0.1;DGT LiveChess/2.2.6"]

[Event "MČR družstev mladších žáků 2024"]
[Site "Harrachov, Czech Republic"]
[Date "2024.06.14"]
[Round "1.27"]
[White "Svoboda Petr"]
[Black "Bartak Tobias"]
[Result "0-1"]
[TimeControl "25+10"]
[WhiteFideId "23771550"]
[BlackFideId "23753544"]
[WhiteElo "1261"]
[BlackElo "1260"]

1. e4 e5 2. Nf3 Nf6 3. d4 Nxe4 4. dxe5 d5 5. exd6 Nxd6 6. Bd3 Be7 7. O-O O-O 8. Nc3 Nc6 9. Bf4 Bg4 10.
h3 Bf5 11. Bxd6 Bxd3 12. Qxd3 Bxd6 13. Rfe1 Re8 14. Rxe8+ Qxe8 15. Re1 Qd7 16. Qb5 h6 17. Nd4 Re8 18. Rxe8+ Qxe8 19. Nxc6 Qe1+ 0-1



[ePGN "0.1;DGT LiveChess/2.2.6"]

[Event "MČR družstev mladších žáků 2024"]
[Site "Harrachov, Czech Republic"]
[Date "2024.06.14"]
[Round "1.28"]
[White "Vratny Vojtech"]
[Black "Dvorak Vojtech"]
[Result "1-0"]
[TimeControl "25+10"]
[WhiteFideId "23753692"]
[BlackFideId "23742089"]
[WhiteElo "1208"]
[BlackElo "1154"]

1. Nf3 Nc6 2. d4 d5 3. g3 Nf6 4. Bg2 Bf5 5. O-O e6 6. Bg5 Be7 7. c3 h6 8. Bxf6 Bxf6 9. Nbd2 Qd7 10.
b4 g5 11. Ne1 h5 12. e4 dxe4 13. Nxe4 Bxe4 14. Bxe4 h4 15. b5 Na5 16. Qa4 hxg3 17. fxg3 e5 18. Rxf6 Qh3 19. Rf2 f6 20.
Qxa5 Rd8 21. Qxc7 exd4 1-0



[ePGN "0.1;DGT LiveChess/2.2.6"]

[Event "MČR družstev mladších žáků 2024"]
[Site "Harrachov, Czech Republic"]
[Date "2024.06.14"]
[Round "1.3"]
[White "Filip Damian"]
[Black "Bucek Vit"]
[Result "0-1"]
[TimeControl "25+10"]
[WhiteFideId "23755415"]
[BlackFideId "23750812"]
[WhiteElo "1196"]
[BlackElo "1582"]

1. e4 c5 2. Nf3 Nc6 3. c3 Nf6 4.
e5 Nd5 5. d4 cxd4 6. cxd4 e6 7. Bc4 Nb6 8. Bb3 d6 9. O-O Be7 10. Nc3 d5 11. Bf4 a6 12. Qe2 O-O 13. Rfd1 Bd7 14.
Rac1 Rc8 15. Bg3 Na5 16. Bc2 Nac4 17. h3 Nxb2 18. Bxh7+ Kxh7 19. Qxb2 Kg8 20. Ne2 Bb5 21. Nf4 Nc4 22.
Qb1 Qa5 23. Nd3 Ba3 0-1



[ePGN "0.1;DGT LiveChess/2.2.6"]

[Event "MČR družstev mladších žáků 2024"]
[Site "Harrachov, Czech Republic"]
[Date "2024.06.14"]
[Round "1.4"]
[White "Kozusnik Jan"]
[Black "Pokorny Petr"]
[Result "0-1"]
[TimeControl "25+10"]
[WhiteFideId "23731796"]
[WhiteElo "1345"]
[BlackElo "1040"]

1. e4 d5 2. exd5 Qxd5 3. Nc3 Qa5 4. d4 Nf6 5. Nf3 Bg4 6. h3 Bh5 7. Be2 e6 8. Bd2 c6 9. O-O Be7 10.
Ne5 Bxe2 11. Qxe2 O-O 12. Ne4 Qb6 13. c3 Nxe4 14. Qxe4 Qxb2 15. Rfd1 Qb6 16. Rab1 Qc7 17. Bf4 Bd6 18.
c4 Rd8 19. c5 Bxe5 20. Bxe5 Qc8 21.
Qg4 g6 22. Qh4 Nd7 23. Bf4 b6 24. Bg5 Re8 25. cxb6 axb6 26. Rd2 Ra5 27. Bf6 0-1



[ePGN "0.1;DGT LiveChess/2.2.6"]

[Event "MČR družstev mladších žáků 2024"]
[Site "Harrachov, Czech Republic"]
[Date "2024.06.14"]
[Round "1.5"]
[White "Lang Christian"]
[Black "Lackova Lucie"]
[Result "0-1"]
[TimeControl "25+10"]
[WhiteFideId "23771771"]
[BlackFideId "23731800"]
[WhiteElo "1242"]
[BlackElo "1601"]

1. e4 c6 2. c4 d5 3. exd5 cxd5 4. cxd5 Nf6 5. Qa4+ Bd7 6. Qb3 Qc7 7. Nc3 e6 8. Bc4 exd5 9. Nxd5 Nxd5 10.
Bxd5 Bc6 11. Bxc6+ Nxc6 12. Nf3 Be7 13. O-O O-O 14. d3 Bf6 15. Rd1 Rad8 16. Bd2 Rfe8 17. Bc3 Bxc3 18. bxc3 Na5 19.
Qa3 Rc8 20. c4 Red8 21. Rd2 Nc6 22. Qc3 Qd6 23. Rb1 b6 24. Rb5 Qe7 25. h3 f6 26. Qc2 Na5 27. Re2 Qd7 28. Rb1 Nc6 29.
Rbe1 Nb4 30. Qb3 Nc6 31. Rd1 Na5 32. Qc2 0-1



[ePGN "0.1;DGT LiveChess/2.2.6"]

[Event "MČR družstev mladších žáků 2024"]
[Site "Harrachov, Czech Republic"]
[Date "2024.06.14"]
[Round "1.7"]
[White "Zrust Lukas"]
[Black "Macharacek Jakub"]
[Result "0-1"]
[TimeControl "25+10"]
[WhiteFideId "23736666"]
[BlackFideId "23766697"]
[WhiteElo "1742"]
[BlackElo "1385"]

1. d4 d5 2. Nf3 e6 3. g3 Nf6 4. Bg2 Bd6 5. O-O O-O 6.
b3 Nbd7 7. Bb2 b6 8. Nbd2 Bb7 9. Rc1 c5 10. c4 Qe7 11. e3 Rac8 12. Ne5 Rfe8 13. Qe2 Nf8 14. Rfd1 Ng6 15. Nxg6 hxg6 16.
cxd5 exd5 17. Nf3 Qd7 18. Ne5 Qf5 19. Nf3 Ne4 20. dxc5 Bxc5 21. Nd4 Ba6 22. Qf3 Qxf3 23. Nxf3 Nxf2 24.
Rxd5 Ng4 25. Kh1 Nxe3 26. Rd2 Bb7 27. Nh4 Nxg2 28. Nxg2 Rcd8 29. Rxd8 Rxd8 30. Bc3 Re8 31. Re1 Rxe1+ 32. Bxe1 Kf8 33. h3 Ke7 34. Kh2 Ke6 35. Bc3 Bxg2 36. Kxg2 f6 37. Kf3 Kf5 38. h4 Bd6 39. g4+ Ke6 40. g5 Be5 41. Bd2 Kf5 42. Bc1 Bd6 43.
Bd2 Be7 44. gxf6 gxf6 45. Be3 Bc5 46. Bd2 a6 47. Bc1 b5 48. Bd2 Bd4 49. Bc1 Bc3 50. a4 bxa4 51. bxa4 Be1 52. h5 gxh5 53. Be3 h4 54. Kg2 Kg4 55.
Bd4 f5 56. Be5 f4 57. Bf6 f3+ 58. Kf1 h3 59. Be5 Bg3 0-1



[ePGN "0.1;DGT LiveChess/2.2.6"]

[Event "MČR družstev mladších žáků 2024"]
[Site "Harrachov, Czech Republic"]
[Date "2024.06.14"]
[Round "1.8"]
[White "Vintr Otakar"]
[Black "Artamonov Mikhail"]
[Result "0-1"]
[TimeControl "25+10"]
[WhiteFideId "23748362"]
[BlackFideId "23732946"]
[WhiteElo "1204"]
[BlackElo "1515"]

1. e4 e6 2. d4 d5 3. exd5 exd5 4. Bd3 Bd6 5. Nf3 Bg4 6. h3 Bh5 7. Qe2+ Ne7 8. Nc3 c6 9. Be3 Nd7 10.
g4 Bg6 11. O-O-O Qc7 12. Nh4 O-O-O 13. Nxg6 Nxg6 14. Bxg6 fxg6 15. Rhf1 Rde8 16. Qd2 Rhf8 17. Rde1 Rf3 18. Rh1 Ref8 19.
Ne2 Nb6 20. Ng1 R3f7 21. b3 Nd7 22. Ne2 Re8 23. Ref1 Qb6 24. Kb2 Nf6 25. f3 Rfe7 26. Nf4 Rxe3 27. Ng2 Re2 28. Qd1 Rxg2 0-1



[ePGN "0.1;DGT LiveChess/2.2.6"]

[Event "MČR družstev mladších žáků 2024"]
[Site "Harrachov, Czech Republic"]
[Date "2024.06.14"]
[Round "1.9"]
[White "Kolar Edvard"]
[Black "Trcalkova Ema"]
[Result "1-0"]
[TimeControl "25+10"]
[WhiteFideId "23746238"]
[BlackFideId "23739681"]
[WhiteElo "1553"]
[BlackElo "1350"]

1. e4 e5 2. Nf3 Nc6 3.
Bc4 Bc5 4. b4 Bxb4 5. c3 Ba5 6. d4 exd4 7. O-O Nge7 8. Ng5 Ne5 9. Nxf7 Nxf7 10. Bxf7+ Kxf7 11. Qh5+ Ng6 12. Qxa5 dxc3 13.
Nxc3 d6 14. Bb2 Be6 15. f4 Bd7 16. e5 b6 17. Qa3 dxe5 18. fxe5+ Ke8 19. Nd5 c6 20. Nf6+ gxf6 21. exf6 Be6 22.
f7+ Bxf7 23. Bxh8 Nxh8 24. Rae1+ 1-0



[ePGN "0.1;DGT LiveChess/2.2.6"]

[Event "MČR družstev mladších žáků 2024"]
[Site "Harrachov, Czech Republic"]
[Date "2024.06.14"]
[Round "2.1"]
[White "Vancakova Veronika"]
[Black "Honcharov Makar"]
[Result "1-0"]
[TimeControl "25+10"]
[WhiteFideId "23731907"]
[BlackFideId "23746203"]
[WhiteElo "1437"]
[BlackElo "1806"]

1. d4 Nf6 2. c4 g6 3.
Nc3 Bg7 4. e4 d6 5. Nf3 O-O 6. Be2 e5 7. d5 a5 8. O-O Na6 9. Ne1 Nc5 10.
f3 Nfd7 11. Be3 f5 12. Qc2 f4 13. Bf2 b6 14. Nd3 Nxd3 15. Bxd3 Nf6 16. a3 g5 17. b4 axb4 18. axb4 Rxa1 19.
Rxa1 h5 20. c5 bxc5 21. bxc5 Rf7 22. Ra8 Rf8 23. Ba6 Bxa6 24. Rxd8 Rxd8 25. Qa4 Bd3 26. Qa7 Ne8 27. c6 Bf6 28. Be1 g4 29. Na4 Bb5 30. Nb2 Be7 31. Qb7 Be2 32. Kf2 gxf3 33.
gxf3 Ba6 34. Qxa6 Rb8 35. Nd3 Kf8 36. Bb4 Bd8 37. Qa7 Rb6 38. Qa8 Be7 39. Qc8 Bh4+ 40. Ke2 Be7 41. Kd2 Kf7 42. Qe6+ Kf8 43. Qh6+ Ng7 44.
Qh8+ Kf7 45. Qc8 Ne8 46. Kc2 Kf8 47. Kb3 Rb5 48. Kc4 Rb6 49. Nc1 Kf7 50. Nb3 Nf6 51. Ba5 1-0



[ePGN "0.1;DGT LiveChess/2.2.6"]